 Dungeon Crawl Stone Soup version 0.23.0 (webtiles) character file.

Game seed: 8568678420889702346

88 Folque the Digger (level 4, 0/37 HPs)
             Began as a Draconian Earth Elementalist on Feb 9, 2019.
             Succumbed to a scorpion's poison
             ... on level 1 of the Dungeon.
             The game lasted 00:05:33 (1623 turns).

Folque the Digger (Draconian Earth Elementalist)    Turns: 1623, Time: 00:05:34

Health: 0/37       AC:  5    Str: 11    XL:     4   Next: 29%
Magic:  2/8        EV: 12    Int: 16    God:
Gold:   49         SH:  0    Dex: 11    Spells: 3/9 levels left

rFire    . . .     SeeInvis .   a - +0 hand axe
rCold    . . .     Gourm    .   (no shield)
rNeg     . . .     Faith    .   (armour unavailable)
rPois    .         Spirit   .   (helmet restricted)
rElec    .         Reflect  .   (no cloak)
rCorr    .         Harm     .   (no gloves)
MR       .....                  (no boots)
Stlth    ++........             (no amulet)
HPRegen  0.12/turn              (no ring)
MPRegen  0.11/turn              (no ring)

@: lethally poisoned (0 -> -1), hasted, very quick
A: unfitting armour, cold-blooded, AC +5
a: no special abilities


You were on level 1 of the Dungeon.
You were not hungry.

You visited 1 branch of the dungeon, and saw 2 of its levels.

You collected 49 gold pieces.

Inventory:

Hand Weapons
 a - a +0 hand axe (weapon)
 i - a +0 dagger
Missiles
 b - 34 stones (quivered)
Scrolls
 d - a scroll of remove curse
Comestibles
 c - 3 rations
 h - 3 chunks of flesh


   Skills:
 + Level 2.3 Fighting
 - Level 1.7 Dodging
 - Level 1.7 Stealth
 * Level 3.1 Spellcasting
 - Level 1.0 Transmutations
 + Level 3.6 Earth Magic


You had 3 spell levels left.
You knew the following spells:

 Your Spells              Type           Power        Failure   Level  Hunger
a - Sandblast             Erth           ##....       4%          1    None
b - Passwall              Tmut/Erth      #.......     11%         2    ##.....
c - Stone Arrow           Conj/Erth      #.....       26%         3    ###....

Your spell library contained the following spells:

 Spells                   Type           Power        Failure   Level  Hunger
 Petrify                  Tmut/Erth      #.......     56%         4    ####...
 Lee's Rapid Deconstruct  Erth           ##........   75%         5    ######.


Dungeon Overview and Level Annotations

Branches:
Dungeon (2/15)

Altars:


Innate Abilities, Weirdness & Mutations

Your plain brown scales are hard. (AC +5)
You cannot fit into any form of body armour.
You are cold-blooded and may be slowed by cold attacks.


Message History

You feel sick.
You see here a frilled lizard skeleton.
* * * LOW HITPOINT WARNING * * *
You feel sick.
* * * LOW HITPOINT WARNING * * *
You feel sick.
There is an escape hatch in the ceiling here.
A mysterious force pulls you upwards. The hatch slams shut behind you.
* * * LOW HITPOINT WARNING * * *
You feel sick.
You aren't carrying any potions.
As you read the scroll labeled WOFONI USCHEU, it crumbles to dust.
You feel blessed for a moment.
It was a scroll of remove curse.
Okay, then.
As you read the scroll labeled CUOFIF XEZAMAN, it crumbles to dust.
The scroll dissolves into smoke.
It was a scroll of fog.
Your magical contamination has completely faded away.
* * * LOW HITPOINT WARNING * * *
You feel sick.
You die...

♣♣..♣♣.....###.# #.#.#
PP.P.♣..#### #.# #..#. ..PP♣♣.##
#.######### ######.. .P.♣♣#.#
#.#.......# #.'..... .♣.♣ #.#
#.#.......###.####.. ♣♣♣###.####
#.#.......#...##..#.
♣♣#.......####.#.........#..#.#.#
.##.#.###.............>#...###..#
###.#.# ######.#@....).##########
###.#.# #..............# #.#.#
##....###..###.###....## #....
#..........# #.##.§.§.# #######.#
.......##.>###.#.#.§§§###........
.............#...§§§§§§##.#####.#
.......##..#.#...§§§§§§...#####.#
#.....##..........§§§§.#####.....
##...###...#.#.##..§§.######.##.#


There were no monsters in sight!

Vanquished Creatures
  A scorpion (D:2)
  2 oozes
  A worm (D:1)
  4 leopard geckos (D:1)
  A ball python (D:1)
  3 goblins
  4 hobgoblins (D:1)
  A kobold (D:1)
  A quokka (D:2)
  2 bats
  2 frilled lizards (D:2)
  A rat (D:1)
  A plant (D:1)
24 creatures vanquished.

Notes
Turn   | Place    | Note
-------+----------+-------------------------------------------
     0 | D:1      | Folque the Draconian Earth Elementalist began the quest for
                  | the Orb.
     0 | D:1      | Reached XP level 1. HP: 14/14 MP: 3/3
   234 | D:1      | Reached skill level 1 in Fighting
   399 | D:1      | Reached XP level 2. HP: 23/23 MP: 3/5
   537 | D:1      | Learned a level 2 spell: Passwall
  1299 | D:1      | Reached XP level 3. HP: 16/29 MP: 0/6
  1304 | D:1      | Learned a level 3 spell: Stone Arrow
  1584 | D:2      | Noticed a scorpion
  1600 | D:2      | Killed a scorpion
  1600 | D:2      | Reached XP level 4. HP: 4/37 MP: 0/8
  1611 | D:1      | HP: 1/37 [poisoned by a scorpion]
  1617 | D:1      | HP: 1/37 [poisoned by a scorpion]
  1623 | D:1      | Succumbed to a scorpion's poison

Skill      XL: |  1  2  3 |
---------------+----------+-----
Fighting       | 1 2 |  2.3
Spellcasting   | 3 |  3.1
Dodging        | |  1.7
Stealth        | |  1.7
Transmutations | |  1.0
Earth Magic    | |  3.6

Action                   |  1- 3 |  4- 6 || total
-------------------------+-------+-------++-------
Melee: Unarmed           |    44 |       ||    44
       Tailslap          |    20 |       ||    20
       Hand axe          |    81 |       ||    81
 Cast: Sandblast         |    16 |       ||    16
       Stone Arrow       |     3 |       ||     3
  Use: Potion            |     2 |       ||     2
       Scroll            |       |     2 ||     2
  Eat: Chunk             |     3 |       ||     3
Armor: Skin              |    20 |       ||    20
Dodge: Dodged            |    51 |       ||    51
